 Dungeon Crawl Stone Soup version 0.21.1-1-g345015f (webtiles) character file.

94 Kairos the Chopper (level 4, -1/41 HPs)
             Began as a Hill Orc Monk on Mar 27, 2018.
             Slain by Natasha (4 damage)
             ... on level 2 of the Dungeon.
             The game lasted 00:02:14 (1661 turns).

Kairos the Chopper (Hill Orc Monk)                  Turns: 1661, Time: 00:02:15

Health: -1/41      AC:  6    Str: 14    XL:     4   Next: 63%
Magic:  4/4        EV: 11    Int: 10    God:
Gold:   59         SH:  0    Dex: 13    Spells: 3/3 levels left

rFire    . . .     SeeInvis .   a - +0 hand axe
rCold    . . .     Gourm    .   (no shield)
rNeg     . . .     Faith    .   h - +0 ring mail
rPois    .         Spirit   .   (no helmet)
rElec    .         Reflect  .   g - scarf {cloud immunity}
rCorr    .         Harm     .   d - +0 pair of gloves
MR       .....                  (no boots)
Stlth    +.........             (no amulet)
HPRegen  0.13/turn              (no ring)
MPRegen  0.09/turn              (no ring)

@: no status effects
A: no striking features
a: no special abilities


You were on level 2 of the Dungeon.
You were not hungry.

You visited 1 branch of the dungeon, and saw 2 of its levels.

You collected 59 gold pieces.

Inventory:

Hand Weapons
 a - a +0 hand axe (weapon)
 p - a +0 hunting sling
Missiles
 o - 52 stones (quivered)
Armour
 b - a +0 robe
 d - a +0 pair of gloves (worn)
 g - a scarf of cloud immunity (worn)
 h - a +0 ring mail (worn)
Scrolls
 f - 3 scrolls of identify {unknown}
 i - a scroll of enchant weapon {unknown}
 j - a scroll of magic mapping {unknown}
 l - a scroll of random uselessness {unknown}
 m - a scroll of fear {unknown}
 n - a scroll of remove curse {unknown}
 r - a scroll of fog {unknown}
Potions
 e - a potion of curing {unknown}
 k - a potion of berserk rage {unknown}
 q - a potion of magic {unknown}
 t - a potion of cancellation {unknown}
Comestibles
 c - 3 rations
 s - 2 chunks of flesh


   Skills:
 + Level 4.4 Fighting
 + Level 5.2 Axes
 + Level 1.1 Armour
 + Level 3.0 Dodging
 + Level 1.7 Stealth


You had 3 spell levels left.
You didn't know any spells.

Dungeon Overview and Level Annotations

Branches:
Dungeon (2/15)

Altars:

Annotations:
D:2 Natasha


Message History

The magic dart hits you!
* * * LOW HITPOINT WARNING * * *
You barely miss Natasha.
Natasha is moderately wounded.
Natasha claws you!
* * * LOW HITPOINT WARNING * * *
You barely miss Natasha.
Natasha is moderately wounded.
You barely miss the crimson imp. The crimson imp misses you.
Natasha claws you but does no damage.
You hit Natasha.
Natasha is heavily wounded.
You miss the crimson imp. The crimson imp barely misses you. Natasha claws you.
* * * LOW HITPOINT WARNING * * *
You barely miss Natasha.
Natasha is heavily wounded.
You hit the crimson imp but do no damage.
The crimson imp disappears in a puff of smoke!
Natasha claws you.
You die...

.....####.# #...#
.. .....####.#
#.#.### #.
###.......# #.#...
. # ##.####.#
#.#..# .# # #.#
#.#####.#..##.# #
###
#.#...........#
#.#......#..#.#
#.#.....(##.#.#
###....ยง@##.#.#
#.....h##.).#
#......###).#
#......# #..#
#......# #[.#
#####
#......###..#####.
....#
#########.........
###.# #.#..#####
#.# ###.#..#


You could see Natasha.

Vanquished Creatures
  Jessica (D:2)
  An adder (D:2)
  2 oozes (D:1)
  A dart slug (D:2)
  3 leopard geckos
  A ball python (D:1)
  8 bats
  8 goblins
  5 hobgoblins
  8 kobolds
  3 frilled lizards
  4 rats (D:1)
45 creatures vanquished.

Notes
Turn   | Place    | Note
-------+----------+-------------------------------------------
     0 | D:1      | Kairos the Hill Orc Monk began the quest for the Orb.
     0 | D:1      | Reached XP level 1. HP: 19/19 MP: 1/1
   100 | D:1      | Reached XP level 2. HP: 15/27 MP: 2/2
   660 | D:1      | Reached XP level 3. HP: 30/33 MP: 3/3
  1511 | D:2      | Reached skill level 5 in Axes
  1511 | D:2      | Reached XP level 4. HP: 25/41 MP: 4/4
  1603 | D:2      | Noticed Jessica
  1629 | D:2      | Killed Jessica
  1629 | D:2      | Reached skill level 1 in Armour
  1647 | D:2      | Noticed Natasha
  1661 | D:2      | Slain by Natasha

Skill      XL: |  1  2  3  4 |
---------------+-------------+-----
Fighting       | 4 |  4.4
Axes           | 5 |  5.2
Armour         | 1 |  1.1
Dodging        | 3 |  3.0
Stealth        | |  1.7

Action                   |  1- 3 |  4- 6 || total
-------------------------+-------+-------++-------
Melee: Hand axe          |   128 |    28 ||   156
  Eat: Chunk             |     1 |     2 ||     3
Armor: Robe              |     6 |       ||     6
       Ring mail         |    49 |     7 ||    56
Dodge: Dodged            |    80 |    13 ||    93
